 Dungeon Crawl Stone Soup version 0.26.1-11-gd32895ea62 (webtiles) character file.

Game seed: 12181580546117467508

2848 Descartes the Ruffian (level 9, -10/85 HPs)
             Began as a Troll Chaos Knight on July 18, 2021.
             Was a Plaything of Xom.
             Mangled by a boulder beetle (25 damage)
             ... on level 7 of the Dungeon.
             The game lasted 00:11:38 (6609 turns).

Descartes the Ruffian (Troll Chaos Knight)          Turns: 6609, Time: 00:11:44

Health: -10/85     AC:  9    Str: 22    XL:     9   Next: 46%
Magic:  17/17      EV: 11    Int: 10    God:    Xom [.....*]
Gold:   236        SH:  0    Dex:  8    Spells: 8/8 levels left

rFire    . . .     SeeInvis .     - Unarmed
rCold    + . .     Faith    .   (no shield)
rNeg     . . .     Spirit   .   a - +2 robe
rPois    +         Reflect  .   (helmet restricted)
rElec    .         Harm     .   I - +0 cloak (curse)
rCorr    .         Rampage  .   (gloves unavailable)
Will     .....                  (boots unavailable)
Stlth    +.........             (no amulet)
HPRegen  0.64/turn              o - ring of protection from cold
MPRegen  0.15/turn              x - ring of magical power

@: mighty
A: large, unfitting armour, claws 3, clumsy 1, deterioration 1, poison
resistance, regeneration 1, shaggy fur 1, tough skin 3, sturdy frame 1
a: Renounce Religion


You were on level 7 of the Dungeon.
You worshipped Xom.
You were Xom's teddy bear.
You visited 1 branch of the dungeon, and saw 8 of its levels.
You also visited: Sewer.

You collected 236 gold pieces.

Inventory:

Hand Weapons
 h - a +0 hunting sling
 G - a +0 giant spiked club
 H - a +3 quarterstaff of chaos
Missiles
 c - 148 arrows
 d - 202 stones (quivered)
 m - 25 poisoned darts
 n - 75 bolts
 s - 33 sling bullets
 w - 6 boomerangs
 C - 2 throwing nets
Armour
 a - a +2 robe (worn)
 I - a cursed +0 cloak (worn)
Jewellery
 o - a ring of protection from cold (left claw)
 x - a ring of magical power (right claw)
Wands
 r - a wand of flame (44)
 y - a wand of polymorph (2)
 F - a wand of paralysis (13)
Scrolls
 b - 3 scrolls of remove curse {unknown}
 i - a scroll of enchant armour {unknown}
 j - 5 scrolls of teleportation
 k - 2 scrolls of immolation {unknown}
 p - 3 scrolls of fog
 t - 2 scrolls of enchant weapon {unknown}
 A - a scroll of amnesia {unknown}
 J - a scroll of blinking {unknown}
 K - a scroll of noise {unknown}
Potions
 e - 2 potions of resistance
 f - a potion of haste
 g - 2 potions of heal wounds {unknown}
 l - 6 potions of curing
 q - 2 potions of brilliance
 u - 2 potions of ambrosia {unknown}
 v - a potion of cancellation {unknown}
 z - 2 potions of berserk rage {unknown}
 B - a potion of degeneration
 D - a potion of lignification


   Skills:
 + Level 4.7 Fighting
 + Level 4.3 Throwing
 * Level 5.7 Dodging
 * Level 7.1 Unarmed Combat
 + Level 3.5 Transmutations
 + Level 2.7 Evocations


You had 8 spell levels left.
You didn't know any spells.
Your spell library was empty.

Dungeon Overview and Level Annotations

Branches:
Dungeon (8/15)             Temple (0/1) D:6           Sewer (visited)
   Lair: D:8-11

Altars:
Dithmenos
Elyvilon
Okawaru
Qazlal
Trog
The Shining One

Shops:
D:4 (   D:6 [


Innate Abilities, Weirdness & Mutations

You are too large for most types of armour.
You have claws for hands.
Your natural rate of healing is unusually fast.
You are covered in fur. (AC +1)
You have extremely tough skin. (AC +3)
You are clumsy. (Dex -2)
Your body sometimes deteriorates upon taking damage.
Your system is resistant to poisons. (rPois)
Your movements are slightly less encumbered by armour. (ER -2)


Message History

Your wight hits the boulder beetle but does no damage.
The quokka closely misses you. The boulder beetle bites you!!
* * * LOW HITPOINT WARNING * * *
You scratch the boulder beetle.
The boulder beetle is moderately wounded.
The quokka barely misses you. The scorpion stings you.
* * * LOW HITPOINT WARNING * * *
The boulder beetle bites you.
* * * LOW HITPOINT WARNING * * *
You feel very mighty all of a sudden.
Your wight hits the boulder beetle but does no damage.
The quokka misses you. The scorpion closely misses you.
The boulder beetle misses you.
It was a potion of curing.
You feel better.
Xom thinks this is hilarious!
The quokka closely misses you.
Your wight hits the boulder beetle with a +3 great sword.
The scorpion barely misses you. The boulder beetle bites you!!
You die...
Xom giggles madly!

. #...#...#..#
#......
#!#...#.#...#
#......
#...#...#....#
#.###.. ...
...............#
#.###.# ..#
#...#...#...#..#
#...).. ...
...#$#...#?#...#
#...... ... ..
...#..)#....#
#....[[ ..Z .
.......sz....#
#...... ..# ..
#...#B@.#.?#
#...... z..
.#..B#r#...#
#...... ...
...#...#....#
#...... ... .
..... ....#
####..... #...#.
.#..# #........
#(#...# #...#
#.....##. ...# .
...# #.....##.
.. .. ...#
#.....##.
#.....##.


You could see a boulder beetle, a scorpion, a worker ant, a quokka and a
friendly wight (summoned).

Vanquished Creatures
  Grinder (D:4)
  Sigmund (D:2)
  Eustachio (D:4)
  Menkaure (D:4)
  Edmund (D:4)
  2 ice beasts
  An orc warrior (D:6)
  A sky beast (D:6)
  3 phantoms
  3 ogres
  A centaur (D:6)
  2 bullfrogs
  2 scorpions
  2 howler monkeys (D:4)
  2 hounds
  A bullfrog zombie (D:7)
  A jelly (D:6)
  4 orc wizards
  Crazy Yiuf (D:5)
  2 orc priests
  A bullfrog skeleton (D:4)
  Natasha (thrice) (D:3)
  2 iguanas
  2 worker ants
  A worker ant zombie (D:7)
  Robin (D:4)
  8 adders
  3 gnolls (D:4)
  A shadow imp (D:8)
  A white imp (D:5)
  An ufetubus (D:7)
  2 adder skeletons
  2 adder zombies
  4 worms
  3 dart slugs
  4 leopard geckos
  31 orcs
  7 bats
  12 giant cockroaches
  14 goblins
  10 hobgoblins
  13 jackals
  7 kobolds
  A quokka (D:3)
  6 ball pythons
  5 frilled lizards
  A giant cockroach zombie (D:5)
  A jackal skeleton (D:4)
  A jackal zombie (D:6)
  A leopard gecko skeleton (D:4)
  A quokka zombie (D:5)
  6 rats
189 creatures vanquished.

Vanquished Creatures (collateral kills)
  A hound (D:7)
  A hound zombie (D:7)
  An orc (D:7)
  2 jackals (D:7)
5 creatures vanquished.

Vanquished Creatures (others)
  7 plants (Sewer)
7 creatures vanquished.

Grand Total: 201 creatures vanquished

Notes
Turn   | Place    | Note
-------+----------+-------------------------------------------
     0 | D:1      | Descartes the Troll Chaos Knight began the quest for the
                  | Orb.
     0 | D:1      | Reached XP level 1. HP: 22/22 MP: 0/0
   175 | D:1      | Reached XP level 2. HP: 29/29 MP: 1/1
   369 | D:1      | Reached XP level 3. HP: 36/36 MP: 2/2
   400 | D:1      | Reached skill level 1 in Throwing
   485 | D:1      | XOM: divination: detect creatures
   697 | D:1      | Found a glowing golden altar of the Shining One.
   954 | D:2      | Found a white marble altar of Elyvilon.
  1229 | D:2      | Found a bloodstained altar of Trog.
  1243 | D:2      | Noticed Sigmund
  1250 | D:2      | XOM: summons friendly iron imp
  1251 | D:2      | Killed Sigmund
  1252 | D:2      | Reached skill level 1 in Transmutations
  1252 | D:2      | Reached XP level 4. HP: 36/45 MP: 3/3
  1252 | D:2      | Reached XP level 5. HP: 42/53 MP: 4/4
  1775 | D:3      | Noticed an ogre
  1781 | D:3      | Killed an ogre
  1782 | D:3      | Reached skill level 4 in Unarmed Combat
  1782 | D:3      | Reached XP level 6. HP: 50/61 MP: 5/5
  1855 | D:3      | Noticed Natasha
  1877 | D:3      | XOM: summons friendly iron imp
  1879 | D:3      | Killed Natasha
  1907 | D:3      | Noticed Natasha
  1913 | D:3      | Killed Natasha
  2260 | D:3      | XOM: 12-stop teleportation journey
  2641 | D:3      | XOM is BORED!
  2641 | D:3      | XOM: give mutations
  2641 | D:3      | Gained mutation: You tend to lose your temper in combat.
                  | [Xom's mischief]
  2641 | D:3      | Gained mutation: Your spells are a little easier to cast,
                  | but a little less powerful. [Xom's mischief]
  2641 | D:3      | Lost mutation: Your spells are a little easier to cast, but
                  | a little less powerful. [Xom's mischief]
  2641 | D:3      | Gained mutation: You often lose your temper in combat.
                  | [Xom's mischief]
  2735 | D:3      | Noticed Natasha
  2736 | D:3      | XOM: draining
  2747 | D:3      | Killed Natasha
  2918 | D:4      | XOM: silly message
  2920 | D:4      | Reached XP level 7. HP: 61/66 MP: 6/6
  2945 | D:4      | XOM: 4-stop teleportation journey
  2958 | D:4      | Found Anucs's Weapon Shop.
  3041 | D:4      | XOM: torment (35/67 hp)
  3098 | D:4      | Noticed Robin
  3103 | D:4      | Killed Robin
  3133 | D:4      | XOM: swap monsters
  3208 | D:4      | Noticed Menkaure
  3216 | D:4      | Killed Menkaure
  3217 | D:4      | Reached skill level 1 in Evocations
  3331 | D:4      | XOM: give mutation
  3331 | D:4      | Lost mutation: You often lose your temper in combat. [Xom's
                  | mischief]
  3380 | D:4      | XOM: 7-stop teleportation journey
  3435 | D:4      | Reached skill level 5 in Unarmed Combat
  3567 | D:4      | Noticed Eustachio
  3570 | D:4      | XOM: silly message
  3577 | D:4      | Killed Eustachio
  3633 | D:4      | Noticed Grinder
  3633 | D:4      | Noticed Edmund
  3647 | D:4      | Killed Edmund
  3648 | D:4      | Reached XP level 8. HP: 65/78 MP: 7/7
  3661 | D:4      | XOM: give mutations
  3661 | D:4      | Gained mutation: You are clumsy. (Dex -2) [Xom's mischief]
  3661 | D:4      | Gained mutation: Your movements are slightly less
                  | encumbered by armour. (ER -2) [Xom's mischief]
  3665 | D:4      | Killed Grinder
  3767 | D:5      | Entered Level 5 of the Dungeon
  3772 | D:5      | XOM: polymorph centaur -> iguana
  3854 | D:5      | Found a glowing drain.
  3896 | Sewer    | Entered a sewer
  4022 | Sewer    | XOM: give mutations
  4022 | Sewer    | Lost mutation: You tend to lose your temper in combat.
                  | [Xom's mischief]
  4022 | Sewer    | Gained mutation: You are very clumsy. (Dex -4) [Xom's
                  | mischief]
  4296 | Sewer    | Reached skill level 6 in Unarmed Combat
  4753 | D:5      | XOM: summons 5 hostile demons
  4842 | D:5      | Found a shadowy altar of Dithmenos.
  4939 | D:5      | Found a stormy altar of Qazlal.
  5035 | D:5      | XOM: confusion
  5094 | D:5      | XOM: silly message
  5100 | D:5      | XOM: give mutations
  5100 | D:5      | Lost mutation: You are very clumsy. (Dex -4) [Xom's
                  | mischief]
  5100 | D:5      | Gained mutation: Your system is resistant to poisons.
                  | (rPois) [Xom's mischief]
  5100 | D:5      | Gained mutation: Your body sometimes deteriorates upon
                  | taking damage. [Xom's mischief]
  5179 | D:5      | Found a runed translucent door.
  5180 | D:5      | Found the +10 morningstar "Eos" {elec, Halo rElec}
  5180 | D:5      | Noticed Crazy Yiuf
  5189 | D:5      | Killed Crazy Yiuf
  5224 | D:5      | XOM: confuse monster(s)
  5250 | D:5      | Reached skill level 5 in Dodging
  5405 | D:6      | XOM: cleaving
  5411 | D:6      | XOM: smoke on damage
  5414 | D:6      | Reached XP level 9. HP: 69/85 MP: 8/8
  5478 | D:6      | XOM: confuse monster(s)
  5639 | D:6      | Found Foplaskov's Armour Emporium.
  5767 | D:6      | Found a staircase to the Ecumenical Temple.
  5779 | D:6      | Found an iron altar of Okawaru.
  5858 | D:6      | XOM: destruction
  6201 | D:6      | You fall into a shaft and drop 2 floors!
  6247 | D:8      | Reached skill level 7 in Unarmed Combat
  6343 | D:7      | XOM: summons 3 friendly demons
  6447 | D:7      | XOM: 4-stop teleportation journey
  6577 | D:7      | XOM: 6-stop teleportation journey
  6581 | D:7      | XOM: cast spell 'Shadow Creatures'
  6593 | D:7      | Noticed a boulder beetle
  6594 | D:7      | XOM: fake destruction
  6609 | D:7      | Mangled by a boulder beetle

Illustrated notes

Levels and vault maps discovered:
D:1:      dpeg_arrival_water_altar, layout_basic, minmay_statues_item,
          minmay_worlds_worst_comb
D:2:      layout_loops_ring, old_standard_altar, lemuel_crystal_altar,
          st_stairs_9, uniq_sigmund
D:3:      layout_basic, hangedman_decor_points, kennysheep_boxes, uniq_natasha
D:4:      layout_loops_cross, serial_shops, shop, uniq_menkaure, uniq_eustachio,
          uniq_grinder, uniq_edmund, uniq_robin
D:5:      layout_rooms, nicolae_qazlal_general_emergency, lemuel_crystal_altar,
          gup_sewer_entry_glass, uniq_crazy_yiuf_cottage
D:6:      layout_basic, kennysheep_okawaru_gauntlet,
          minmay_temple_entry_overgrown, serial_shops, shop
D:7:      cheibrodos_fzero, layout_basic, kennysheep_mini_moat, basic_altar
D:8:      layout_rooms, erik_lair_orcish_takeover, st_stairs_5, uniq_erica

Skill      XL: |  1  2  3  4  5  6  7  8  9 |
---------------+----------------------------+-----
Dodging        | 2 3 4 5 |  5.7
Throwing       | 1 2 3 4 |  4.3
Fighting       | 3 4 |  4.7
Transmutations | 1 2 3 |  3.5
Unarmed Combat | 4 5 6 7 |  7.1
Evocations     | 1 2 |  2.7

Action                   |  1- 3 |  4- 6 |  7- 9 || total
-------------------------+-------+-------+-------++-------
Melee: Unarmed           |   103 |   149 |   408 ||   660
       Punch             |       |       |    10 ||    10
 Fire: Hunting sling     |       |       |     3 ||     3
  Use: Scroll            |       |       |     7 ||     7
       Potion            |       |       |     2 ||     2
 Stab: Sleeping          |     1 |       |       ||     1
       Confused          |       |       |     2 ||     2
       Distracted        |       |       |     1 ||     1
Armor: Robe              |    42 |    42 |   202 ||   286
       Skin              |       |     1 |       ||     1
Dodge: Dodged            |    57 |    71 |   273 ||   401
